[Event "World Junior U20 Open 2018"]
[Site "Gebze"]
[Date "2018.09.12"]
[Round "8.45"]
[White "Agibileg, Uurtsaikh"]
[Black "Secheres, Adrian-Simion"]
[Result "1-0"]
[ECO "E58"]
[WhiteElo "2321"]
[BlackElo "2408"]
[Annotator "NA"]
[PlyCount "78"]
[EventDate "2018.09.05"]
[EventType "swiss"]
[EventCountry "TUR"]
[SourceTitle "playchess.com"]
[Source "ChessBase"]
[SourceQuality "1"]
[TimeControl "40/5400+30:1800+30"]

1. d4 Nf6 2. c4 e6 3. Nc3 Bb4 4. a3 Bxc3+ 5. bxc3 Nc6 6. e3 b6 7. Bd3 Na5 8. Nf3 Ba6 9. Nd2 d5 10. Qe2 O-O 11. O-O c5 12. cxd5 {[%emt 0:00:30] E58: Nimzo-Indian: Rubinstein: Main Line: 7...Nc6 8 a3 Bxc3} Bxd3 13. Qxd3 exd5 14. f3 $146 ({Predecessor:} 14. Bb2 Qd7 15. dxc5 bxc5 16. c4 dxc4 17. Qc3 Qb5 18. Ne4 Rfb8 19. Rab1 Rb6 {0-1 (28) Chmelik,J (2015)-Repka,C (2534) Teplice 2018}) 14... Nc6 15. Bb2 Nh5 16. Rad1 c4 17. Qc2 Re8 18. Rfe1 Qg5 19. Bc1 f5 20. e4 fxe4 21. fxe4 Qg6 22. Qa2 Na5 $14 ({Reject} 22... Nf4 23. Nxc4 Rxe4 24. Bxf4 $16) 23. exd5 Qd6 24. Qc2 Qxd5 25. Nf3 Nb3 26. Bg5 h6 27. Re5 Rxe5 28. dxe5 Qc5+ 29. Kh1 hxg5 30. Qe4 Rf8 31. Nxg5 Nf6 32. exf6 Qxg5 33. Qxc4+ Rf7 34. Rd8+ Kh7 35. Qd3+ g6 36. Qh3+ Qh5 37. Qc8 Rf8 38. Rd7+ Rf7 39. Rd8 Kh6 1-0

[Event "World Junior U20 Open 2018"]
[Site "Gebze"]
[Date "2018.09.12"]
[Round "8.46"]
[White "Pang, Tao"]
[Black "Huber, Martin Christian"]
[Result "1-0"]
[ECO "D95"]
[WhiteElo "2290"]
[BlackElo "2390"]
[Annotator "NA"]
[PlyCount "61"]
[EventDate "2018.09.05"]
[EventType "swiss"]
[EventCountry "TUR"]
[SourceTitle "playchess.com"]
[Source "ChessBase"]
[SourceQuality "1"]
[TimeControl "40/5400+30:1800+30"]

1. Nf3 Nf6 2. c4 g6 3. Nc3 Bg7 4. d4 d5 5. e3 O-O 6. Qb3 e6 7. Be2 b6 8. cxd5 exd5 9. O-O Bb7 10. a4 a5 11. Ne5 Nbd7 12. f4 Ne8 13. Bd2 Nxe5 14. fxe5 c6 15. e4 dxe4 16. Be3 Ba6 $16 17. Bxa6 Rxa6 18. Qc4 Qa8 19. Nxe4 Nc7 20. Nd6 Nd5 21. Bg5 Ra7 22. Ra3 Rd7 23. Ne4 c5 24. dxc5 bxc5 25. Nf6+ Bxf6 26. Bxf6 Nxf6 27. exf6 Rd2 28. Raf3 Re8 29. Qxc5 Ree2 30. R3f2 Qxg2+ 31. Kxg2 1-0

[Event "World Junior U20 Open 2018"]
[Site "Gebze"]
[Date "2018.09.12"]
[Round "8.47"]
[White "Macovei, Andrei"]
[Black "Garidmagnai, Byambasuren"]
[Result "1-0"]
[ECO "C11"]
[WhiteElo "2385"]
[BlackElo "2287"]
[Annotator "NA"]
[PlyCount "113"]
[EventDate "2018.09.05"]
[EventType "swiss"]
[EventCountry "TUR"]
[SourceTitle "playchess.com"]
[Source "ChessBase"]
[SourceQuality "1"]
[TimeControl "40/5400+30:1800+30"]

1. e4 e6 2. d4 d5 3. Nc3 Nf6 4. e5 Nfd7 5. f4 c5 6. Nf3 Nc6 7. Be3 cxd4 8. Nxd4 Bc5 9. Qd2 a6 10. O-O-O O-O 11. h4 Nxd4 12. Bxd4 b5 13. h5 b4 14. Na4 Bxd4 15. Qxd4 Qa5 16. b3 Bb7 17. Kb1 Bc6 18. Nb2 Qc5 19. Qxc5 Nxc5 20. Rd4 a5 21. Bd3 Rfb8 22. h6 g6 23. g4 Bb5 24. f5 Bxd3 25. cxd3 Re8 26. fxg6 fxg6 27. Rf4 Nd7 28. d4 Rac8 29. Na4 Rf8 30. Rhf1 Rxf4 31. Rxf4 Rf8 32. Rxf8+ Kxf8 33. g5 Ke7 34. Kc2 Nb8 35. Kd3 Nc6 36. Nc5 Nd8 37. Ke3 Nf7 38. Kf4 Nd8 39. Nd3 Nc6 40. Ke3 Na7 41. Nf2 Nb5 42. Ng4 Nc3 43. Nf6 Kf7 44. Nxh7 Nxa2 45. Kd2 Kg8 46. Nf6+ Kh8 47. Nd7 Nc3 48. Nc5 Kg8 49. Nxe6 Ne4+ 50. Kd3 Nf2+ 51. Ke2 Ne4 52. Ke3 Kh8 53. Nf8 Nxg5 54. Nxg6+ Kh7 55. Nf4 Kxh6 56. Nxd5 Kg6 57. Ne7+ 1-0

[Event "World Junior U20 Open 2018"]
[Site "Gebze"]
[Date "2018.09.12"]
[Round "8.48"]
[White "Agmanov, Zhandos"]
[Black "Kamer, Kayra"]
[Result "1/2-1/2"]
[ECO "A31"]
[WhiteElo "2379"]
[BlackElo "2205"]
[Annotator "NA"]
[PlyCount "228"]
[EventDate "2018.09.05"]
[EventType "swiss"]
[EventCountry "TUR"]
[SourceTitle "playchess.com"]
[Source "ChessBase"]
[SourceQuality "1"]
[TimeControl "40/5400+30:1800+30"]

1. e4 c5 2. Nf3 e6 3. d4 cxd4 4. Nxd4 a6 5. c4 Nf6 6. Nc3 {[%emt 0:00:00] LiveBook: 2500 Games} Qc7 7. a3 $14 Be7 8. Be3 d6 9. Be2 b6 10. f3 Bb7 11. Rc1 O-O 12. O-O Nbd7 13. b4 Rac8 14. Qd2 Rfe8 15. Rc2 Qb8 16. Kh1 Bd8 17. Bg1 Bc7 18. Nb3 d5 19. exd5 Bf4 20. Qd1 exd5 21. c5 bxc5 22. Nxc5 Nxc5 23. bxc5 Re5 24. g3 Be3 25. Bxe3 Rxe3 26. Qd4 Qe5 27. Qxe5 Rxe5 28. Na4 d4 29. Kg1 Re3 30. Rd2 Rce8 31. Bd1 Rd8 32. Nb6 Rxa3 33. Nc4 Rc3 34. Nd6 Bc6 35. Rxd4 Rxc5 36. Bb3 Kf8 37. Ne4 Rxd4 38. Nxc5 Bb5 39. Ra1 Rd6 40. Bd1 Rc6 41. Nb3 Rd6 42. Nc5 Rd5 43. Nb3 Nd7 44. Bc2 f5 45. g4 fxg4 46. fxg4 Rg5 47. Bf5 Ne5 48. Nd4 Ke7 49. h4 Rxg4+ 50. Bxg4 Nxg4 51. Nxb5 axb5 52. Rb1 Kf6 53. Rxb5 Ne3 54. Kh2 Nf5 55. Kh3 h5 56. Ra5 g6 57. Ra4 Ng7 58. Kg3 Ne6 59. Ra6 Kf5 60. Ra5+ Kf6 61. Ra1 g5 62. Ra6 gxh4+ 63. Kxh4 Kf5 64. Kxh5 Nf4+ 65. Kh4 Ng6+ 66. Kg3 Ne5 67. Ra4 Ng6 68. Ra1 Ne5 69. Rf1+ Ke4 70. Rf4+ Kd5 71. Ra4 Nd3 72. Kf3 Ne5+ 73. Ke3 Nc4+ 74. Kf4 Kd4 75. Ra8 Nd6 76. Ra1 Nc4 77. Rd1+ Kc5 78. Ke4 Nd6+ 79. Ke5 Nc4+ 80. Ke6 Nb6 81. Rd8 Kc6 82. Ke5 Kc5 83. Ke4 Kc4 84. Rd1 Kc5 85. Rc1+ Kd6 86. Rd1+ Kc5 87. Rb1 Nd7 88. Rc1+ Kd6 89. Kd4 Nf8 90. Re1 Ne6+ 91. Kc4 Nf4 92. Re3 Ne6 93. Re4 Ng5 94. Rh4 Ne6 95. Rh5 Nf4 96. Rf5 Ne6 97. Rd5+ Ke7 98. Ra5 Kd6 99. Rd5+ Ke7 100. Rd1 Kf6 101. Kd5 Nf4+ 102. Ke4 Ne6 103. Rd6 Ke7 104. Kd5 Nc7+ 105. Ke5 Ne8 106. Rh6 Ng7 107. Rb6 Kf7 108. Ra6 Nh5 109. Ra7+ Kg6 110. Ra1 Ng7 111. Rf1 Nh5 112. Rf8 Kg7 113. Ra8 Kg6 114. Ra6+ Kg5 1/2-1/2

[Event "World Junior U20 Open 2018"]
[Site "Gebze"]
[Date "2018.09.12"]
[Round "8.49"]
[White "Ozsakallioglu, Okan"]
[Black "Baenziger, Fabian"]
[Result "1/2-1/2"]
[ECO "B26"]
[WhiteElo "1955"]
[BlackElo "2360"]
[Annotator "NA"]
[PlyCount "71"]
[EventDate "2018.09.05"]
[EventType "swiss"]
[EventCountry "TUR"]
[SourceTitle "playchess.com"]
[Source "ChessBase"]
[SourceQuality "1"]
[TimeControl "40/5400+30:1800+30"]

1. e4 c5 2. Nc3 Nc6 3. g3 g6 4. Bg2 Bg7 5. d3 d6 6. Be3 Nf6 7. h3 O-O 8. Qd2 Rb8 9. Nge2 b5 10. Bh6 Bd7 11. O-O b4 12. Nd1 Qc8 13. Bxg7 Kxg7 14. Kh2 Nd4 15. f4 Bc6 16. Ne3 Qc7 17. f5 Nxe2 18. Qxe2 e6 19. Ng4 Nxg4+ 20. Qxg4 exf5 21. exf5 h5 22. Qg5 Bxg2 23. Kxg2 Qc6+ 24. Kg1 c4 25. fxg6 Qc5+ 26. Qxc5 dxc5 27. dxc4 fxg6 28. Rxf8 Rxf8 29. Rd1 Re8 30. Kf2 Rf8+ 31. Ke3 Re8+ 32. Kf3 Rf8+ 33. Ke3 Re8+ 34. Kf2 Rf8+ 35. Kg2 Re8 36. Kf3 1/2-1/2

[Event "World Junior U20 Open 2018"]
[Site "Gebze"]
[Date "2018.09.12"]
[Round "8.50"]
[White "Arcuti, Davide"]
[Black "Gunduz, Umut Erdem"]
[Result "0-1"]
[ECO "A61"]
[WhiteElo "2356"]
[BlackElo "2119"]
[Annotator "NA"]
[PlyCount "100"]
[EventDate "2018.09.05"]
[EventType "swiss"]
[EventCountry "TUR"]
[SourceTitle "playchess.com"]
[Source "ChessBase"]
[SourceQuality "1"]
[TimeControl "40/5400+30:1800+30"]

1. d4 Nf6 2. c4 c5 3. d5 e6 4. Nc3 exd5 5. cxd5 d6 6. Nf3 g6 7. Bf4 a6 8. a4 Bg7 9. h3 O-O 10. e3 Qe7 11. Be2 Nbd7 12. O-O Ne8 13. Re1 b6 14. e4 Nc7 15. Ra3 Ne5 16. Nd2 Bd7 17. Bh2 g5 18. Na2 b5 19. b4 cxb4 20. Nxb4 a5 21. Nc6 Bxc6 22. dxc6 b4 23. Re3 d5 24. Nf3 Nxf3+ 25. Bxf3 d4 26. Rd3 Rad8 27. e5 Ne6 28. h4 Qc5 29. Be4 Nf4 30. Rg3 d3 31. Rxg5 d2 32. Rf1 Ne6 33. Rh5 h6 34. Kh1 Qc4 35. Bf3 b3 36. Be2 Qc2 37. c7 Nxc7 38. Bf4 Qxd1 39. Rxd1 b2 40. Rb1 Ne6 41. Be3 Rd5 42. Rxb2 d1=Q+ 43. Bxd1 Rxd1+ 44. Kh2 Ra1 45. f4 Rxa4 46. g3 Rd8 47. Rb5 Ra3 48. Bc1 Rc3 49. Bb2 Rd2+ 50. Kh1 Re3 0-1

[Event "World Junior U20 Open 2018"]
[Site "Gebze"]
[Date "2018.09.12"]
[Round "8.52"]
[White "Wong, Yinn Long"]
[Black "Ozer, Omer Faruk"]
[Result "1/2-1/2"]
[ECO "C45"]
[WhiteElo "2261"]
[BlackElo "2388"]
[Annotator "NA"]
[PlyCount "161"]
[EventDate "2018.09.05"]
[EventType "swiss"]
[EventCountry "TUR"]
[SourceTitle "playchess.com"]
[Source "ChessBase"]
[SourceQuality "1"]
[TimeControl "40/5400+30:1800+30"]

1. e4 e5 2. Nf3 Nc6 3. d4 exd4 4. Nxd4 Nf6 5. Nxc6 bxc6 6. e5 Qe7 7. Qe2 Nd5 8. c4 Ba6 9. Nd2 g6 10. b3 Bg7 11. Bb2 O-O 12. O-O-O {[%emt 0:01:30] C45: Scotch Game} Rae8 13. Nf3 Nb6 14. Qd2 Bb7 15. Bd3 c5 16. Rhe1 Bxf3 17. gxf3 d6 $146 ({Predecessor:} 17... Qh4 18. Kb1 d6 19. f4 Qxh2 {1-0 (36) Dzhumaev,M (2495)-Sammed Jaykumar,S (2307) Chennai 2016}) 18. f4 Qh4 19. exd6 Bxb2+ 20. Kxb2 cxd6 21. Be4 Re6 22. Bc6 Rb8 23. Kc2 Rf6 24. Re4 Rc8 25. Bb7 Rc7 26. f5 Qh5 27. Re8+ Kg7 28. Be4 Rc8 29. Rxc8 Nxc8 30. fxg6 hxg6 31. f4 Re6 32. Bd3 Ne7 33. Rf1 Nf5 34. Bxf5 Re2 35. Bd3 Rxd2+ 36. Kxd2 Qxh2+ 37. Be2 Kf6 38. Ke3 Qg3+ 39. Bf3 Kf5 40. Ke2 Kxf4 41. Bd5+ Ke5 42. Rxf7 Qh2+ 43. Rf2 Qh5+ 44. Ke3 Qh3+ 45. Rf3 Qh2 46. Rf2 Qg1 47. Kf3 g5 48. Rg2 Qf1+ 49. Ke3 Qf4+ 50. Kd3 Qd4+ 51. Kc2 g4 52. Kb1 Kf4 53. a4 g3 54. Ka2 Qd3 55. Rb2 Ke5 56. Rg2 Kf6 57. Rb2 Ke7 58. Rg2 Kf6 59. Rb2 Ke5 60. Rg2 Kd4 61. Rb2 Kc3 62. Bc6 Kd4 63. Bd5 Ke5 64. Bc6 Kf4 65. Bd5 Kg4 66. Bc6 a5 67. Bd5 Qd4 68. Bg2 Qg1 69. Bd5 Qf1 70. Bc6 Qf7 71. Bg2 Qg7 72. Rc2 Qh7 73. Rb2 Qf5 $19 74. Bc6 Kh3 75. Bg2+ Kh2 76. Be4+ Qf2 77. Rxf2+ gxf2 78. Bd3 Kg2 79. Kb2 f1=Q 80. Bxf1+ Kxf1 81. Kb1 1/2-1/2

[Event "World Junior U20 Open 2018"]
[Site "Gebze"]
[Date "2018.09.12"]
[Round "8.53"]
[White "Tuncer, Tuna"]
[Black "Thilakarathne, G M H"]
[Result "1/2-1/2"]
[ECO "B47"]
[WhiteElo "2342"]
[BlackElo "2238"]
[Annotator "NA"]
[PlyCount "56"]
[EventDate "2018.09.05"]
[EventType "swiss"]
[EventCountry "TUR"]
[SourceTitle "playchess.com"]
[Source "ChessBase"]
[SourceQuality "1"]
[TimeControl "40/5400+30:1800+30"]

1. e4 c5 2. Nf3 e6 3. d4 cxd4 4. Nxd4 Nc6 5. Nc3 Qc7 6. g3 a6 7. Bg2 Nf6 8. O-O Bc5 9. Nxc6 dxc6 10. e5 Qxe5 11. Bf4 Qh5 12. Bf3 Qg6 13. Bd6 Bxd6 14. Qxd6 Bd7 15. Rad1 Rd8 16. Na4 Qf5 17. Bg2 Qa5 18. b3 Bc8 19. Qa3 Qc7 20. Qc5 Qe7 21. Rxd8+ Qxd8 22. Nb6 Nd7 23. Nxd7 Qxd7 24. c4 Qe7 25. Qa5 Qd8 26. Qc5 Qe7 27. Qa5 Qd8 28. Qc5 Qe7 1/2-1/2

[Event "World Junior U20 Open 2018"]
[Site "Gebze"]
[Date "2018.09.12"]
[Round "8.54"]
[White "Yilmaz, Goktan"]
[Black "Urazayev, Arystanbek"]
[Result "1/2-1/2"]
[ECO "C11"]
[WhiteElo "2237"]
[BlackElo "2333"]
[Annotator "NA"]
[PlyCount "124"]
[EventDate "2018.09.05"]
[EventType "swiss"]
[EventCountry "TUR"]
[SourceTitle "playchess.com"]
[Source "ChessBase"]
[SourceQuality "1"]
[TimeControl "40/5400+30:1800+30"]

1. e4 e6 2. d4 d5 3. Nc3 Nf6 4. e5 Nfd7 5. f4 c5 6. Nf3 Nc6 7. Be3 Be7 8. Qd2 O-O 9. O-O-O {[%emt 0:14:30] C11: French: Classical System: 4 e5 and 4 Bg5 dxe4} (9. dxc5 Qa5 10. a3 Bxc5 11. O-O-O Rd8 12. Bxc5 Nxc5 13. h4 Bd7 14. h5 h6 15. g4 Be8 16. Qe3 d4 17. Nxd4 Nxd4 18. Rxd4 {½-½ (26) Inarkiev,E (2689)-Volkov,S (2645) St Petersburg 2017}) 9... c4 10. f5 b5 11. fxe6 fxe6 12. Ne2 b4 13. Qe1 a5 ({Predecessor:} 13... c3 14. b3 a5 15. Kb1 a4 16. Nc1 axb3 17. cxb3 {0-1 (48) Bogachkova,A (2086)-Gavrilov,A (2496) St Petersburg 2012}) 14. Nf4 Nb6 15. h4 b3 16. cxb3 cxb3 17. a3 Rb8 18. Bd3 Bxa3 19. bxa3 Qe7 20. Kd2 Qxa3 21. Ke2 Nb4 22. Ra1 Na2 23. Ng5 Rxf4 24. Bxf4 h6 25. Nf3 b2 26. Rxa2 Qxa2 27. Nd2 Na4 28. Nb1 Rb3 29. Qd2 Bd7 30. Bc2 Rb4 31. Kf2 Qc4 32. Be3 Nb6 33. Qd3 Qxd3 34. Bxd3 Nc4 35. Bxc4 Rxc4 36. Ke2 Be8 37. h5 Ba4 38. Bd2 Rxd4 39. Bc3 Rc4 40. Kd3 Rg4 41. Bxb2 Bb5+ 42. Ke3 Rxg2 43. Bc3 a4 44. Kd4 Be2 45. Kc5 Kf7 46. Kd6 Bg4 47. Rf1+ Kg8 48. Rf4 g6 49. Ke7 gxh5 50. Rf8+ Kg7 51. Rf7+ Kg6 52. Bd2 h4 53. Rf6+ Kg7 54. Bxh6+ Kh7 55. Bf8 Bf5 56. Rh6+ Kg8 57. Rxh4 Bxb1 58. Rxa4 Bf5 59. Rh4 Ra2 60. Kf6 Rg2 61. Ke7 Rg6 62. Ke8 Rg2 $11 (62... Rg3 $15) 1/2-1/2

[Event "World Junior U20 Open 2018"]
[Site "Gebze"]
[Date "2018.09.12"]
[Round "8.55"]
[White "Samani, Yamac"]
[Black "Sevgi, Volkan"]
[Result "1-0"]
[ECO "B15"]
[WhiteElo "2226"]
[BlackElo "2323"]
[Annotator "NA"]
[PlyCount "85"]
[EventDate "2018.09.05"]
[EventType "swiss"]
[EventCountry "TUR"]
[SourceTitle "playchess.com"]
[Source "ChessBase"]
[SourceQuality "1"]
[TimeControl "40/5400+30:1800+30"]

1. e4 g6 2. d4 Bg7 3. Nc3 c6 4. Nf3 d5 5. h3 Nh6 6. Bf4 f6 7. exd5 cxd5 8. Nb5 Na6 9. c4 g5 10. Bh2 Qa5+ 11. Nc3 Be6 12. cxd5 Bxd5 13. Bb5+ Kf8 14. O-O Rd8 15. Re1 Bf7 16. Qe2 Ng8 17. a3 Nc7 18. b4 Qb6 19. Bc4 Nd5 20. Na4 Qc6 21. b5 Qe8 22. Nc5 b6 23. Ne6+ Bxe6 24. Qxe6 Qd7 25. Qe4 h5 26. Rac1 Kf7 27. Bc7 Nh6 28. Bxd8 Rxd8 29. Bxd5+ Qxd5 30. Qxe7+ Kg6 31. Re6 Nf5 32. Ne5+ Kh7 33. Qf7 Nh4 34. Qxh5+ Kg8 35. Re8+ Rxe8 36. Qxe8+ Kh7 37. Qh5+ Kg8 38. Rc8+ Bf8 39. Nf3 Qe6 40. Re8 Qc4 41. Nxh4 Qc1+ 42. Kh2 Qf4+ 43. g3 1-0

[Event "World Junior U20 Open 2018"]
[Site "Gebze"]
[Date "2018.09.12"]
[Round "8.56"]
[White "Silva, David"]
[Black "Zlatin, Alexander"]
[Result "1-0"]
[ECO "C78"]
[WhiteElo "2223"]
[BlackElo "2312"]
[Annotator "NA"]
[PlyCount "135"]
[EventDate "2018.09.05"]
[EventType "swiss"]
[EventCountry "TUR"]
[SourceTitle "playchess.com"]
[Source "ChessBase"]
[SourceQuality "1"]
[TimeControl "40/5400+30:1800+30"]

1. e4 e5 2. Nf3 Nc6 3. Bb5 a6 4. Ba4 Nf6 5. O-O b5 6. Bb3 Bc5 7. a4 Rb8 8. c3 d6 9. d4 Bb6 10. a5 Ba7 11. Be3 exd4 12. cxd4 O-O 13. h3 Nxe4 14. Qc2 Qe8 15. Nc3 Bf5 16. Nd5 Ne7 17. Nh4 Nxd5 18. Bxd5 g6 19. Nxf5 gxf5 20. Qxc7 Nf6 21. Bb3 Qd7 22. Qc2 d5 23. Rac1 Rbc8 24. Qd3 Bb8 25. Bh6 Rxc1 26. Rxc1 Re8 27. Qf3 Qe6 28. g3 Ne4 29. Bf4 Ba7 30. Be3 Bb8 31. Kg2 Kh8 32. Bf4 Ba7 33. Qd3 Rg8 34. Re1 Qc6 35. Re2 h6 36. Be5+ f6 37. Bf4 Qd7 38. Qf3 Qf7 39. Bxh6 Bxd4 40. Qxf5 Qg6 41. Qxg6 Rxg6 42. Bf4 Nc5 43. Re8+ Rg8 44. Rxg8+ Kxg8 45. Bxd5+ Kg7 46. b3 Bc3 47. Be3 Nd3 48. Bb6 f5 49. f4 Kf6 50. Bb7 Nc1 51. Bxa6 Nxb3 52. Bxb5 Nxa5 53. Bxa5 Bxa5 54. Bd3 Bc3 55. g4 fxg4 56. hxg4 Kg7 57. g5 Bd2 58. Kf3 Bc1 59. Kg4 Bd2 60. f5 Bc3 61. Kf3 Kf7 62. Bc4+ Ke7 63. Kg4 Kd6 64. Kh5 Ke5 65. Bd3 Kf4 66. Kh6 Kg4 67. g6 Bd2+ 68. Kh7 1-0

[Event "World Junior U20 Open 2018"]
[Site "Gebze"]
[Date "2018.09.12"]
[Round "8.59"]
[White "Cadilhac, Igor Tokuichi Kikuc"]
[Black "Ozgur, Tibet Kagan"]
[Result "1-0"]
[ECO "B53"]
[WhiteElo "2286"]
[BlackElo "2056"]
[Annotator "NA"]
[PlyCount "71"]
[EventDate "2018.09.05"]
[EventType "swiss"]
[EventCountry "TUR"]
[SourceTitle "playchess.com"]
[Source "ChessBase"]
[SourceQuality "1"]
[TimeControl "40/5400+30:1800+30"]

1. e4 c5 2. Nf3 d6 3. d4 cxd4 4. Qxd4 Nc6 5. Bb5 Bd7 6. Qd3 Nb4 7. Bxd7+ Qxd7 8. Qe2 Nf6 9. O-O e6 10. Rd1 Qc6 11. Nc3 Be7 12. a3 Na6 13. Nd4 Qc8 14. Ndb5 Qc6 15. Bf4 e5 16. Bg5 Nc7 17. Nxc7+ Qxc7 18. Bxf6 gxf6 19. Nd5 Qd8 20. Ne3 Rc8 21. Rd3 Bf8 22. Rad1 Rc6 23. Qh5 h6 24. c3 Rg8 25. Nd5 Rg6 26. Qf5 Bg7 27. Nb4 Rb6 28. c4 Rg5 29. Qh3 f5 30. c5 fxe4 31. Rxd6 Rxd6 32. Rxd6 Qb8 33. Qd7+ Kf8 34. c6 bxc6 35. Nxc6 Qe8 36. Qxe8+ 1-0

[Event "World Junior U20 Open 2018"]
[Site "Gebze"]
[Date "2018.09.12"]
[Round "8.60"]
[White "Liyanage, Ranindu Dilshan"]
[Black "Vanczak, Tamas"]
[Result "1-0"]
[ECO "B90"]
[WhiteElo "1989"]
[BlackElo "2276"]
[Annotator "NA"]
[PlyCount "109"]
[EventDate "2018.09.05"]
[EventType "swiss"]
[EventCountry "TUR"]
[SourceTitle "playchess.com"]
[Source "ChessBase"]
[SourceQuality "1"]
[TimeControl "40/5400+30:1800+30"]

1. e4 c5 2. Nf3 d6 3. d4 cxd4 4. Nxd4 Nf6 5. Nc3 a6 6. h4 g6 7. Bg5 Nbd7 8. Be2 h6 9. Be3 h5 10. Bg5 Bg7 11. Qd2 Nc5 12. f3 Bd7 13. O-O-O b5 14. Qe3 b4 15. Nd5 e6 16. Nxf6+ Bxf6 17. e5 Bxg5 18. hxg5 d5 19. g4 h4 20. Rh2 Qa5 21. Kb1 Rc8 22. Rdh1 Kd8 23. Nb3 Nxb3 24. axb3 Qc7 25. Bd3 Bb5 26. f4 Qc5 27. Qxc5 Rxc5 28. Bxb5 Rxb5 29. Rxh4 Rxh4 30. Rxh4 Ke7 31. Rh8 Rc5 32. Ra8 a5 33. Kc1 Rb5 34. Ra7+ Ke8 35. Rc7 Rb8 36. Kd2 Ra8 37. Rb7 a4 38. Rxb4 axb3 39. Rxb3 Ra4 40. Ke3 Re4+ 41. Kf3 Rc4 42. c3 Re4 43. Rb7 Re1 44. Rb4 Kd7 45. Rb7+ Ke8 46. Rc7 Rb1 47. b4 Rb3 48. Ke3 Kd8 49. Rxf7 Rxc3+ 50. Kd2 Rb3 51. f5 Rxb4 52. fxg6 Ke8 53. Rf6 Ke7 54. g7 Rb8 55. g6 1-0

[Event "World Junior U20 Open 2018"]
[Site "Gebze"]
[Date "2018.09.12"]
[Round "8.61"]
[White "Zhao, Chenxi"]
[Black "Akin, Kadir"]
[Result "1-0"]
[ECO "D35"]
[WhiteElo "2275"]
[BlackElo "1974"]
[Annotator "NA"]
[PlyCount "137"]
[EventDate "2018.09.05"]
[EventType "swiss"]
[EventCountry "TUR"]
[SourceTitle "playchess.com"]
[Source "ChessBase"]
[SourceQuality "1"]
[TimeControl "40/5400+30:1800+30"]

1. c4 e6 2. Nc3 d5 3. d4 Nf6 4. cxd5 exd5 5. Bg5 Be7 6. e3 c6 7. Bd3 h6 8. Bh4 Ne4 9. Bxe7 Qxe7 10. Nge2 O-O 11. Bxe4 dxe4 12. Qc2 Bf5 13. O-O Nd7 14. a3 Nb6 15. Ng3 Bg6 16. Qb3 Rad8 17. Rfc1 Kh8 18. Qb4 Qe6 19. Na4 Nxa4 20. Qxa4 a6 21. Qb4 Qd7 22. Rc5 f5 23. Ne2 Bf7 24. Re5 Rfe8 25. Rxe8+ Rxe8 26. Rc1 Rd8 27. h3 Bd5 28. Nf4 Qf7 29. Qb6 Rd7 30. Rc5 Bc4 31. Qa7 Kh7 32. h4 g5 33. hxg5 hxg5 34. Nh3 Kg6 35. Re5 Be2 36. Qb8 Bg4 37. Qh8 Re7 38. Qd8 Rxe5 39. Qxg5+ Kh7 40. dxe5 Bxh3 41. Qh4+ Kg6 42. Qxh3 Qe8 43. Qh4 Qf7 44. Qh3 Qe8 45. Qg3+ Kf7 46. Qh4 Qxe5 47. Qh7+ Ke6 48. Qxb7 Qc5 49. Qc8+ Ke7 50. Qb7+ Kd8 51. g3 Qc1+ 52. Kg2 Qd1 53. Qxa6 Qf3+ 54. Kg1 Qd1+ 55. Qf1 Qd2 56. Qh3 Qd1+ 57. Kh2 Qf3 58. Qh8+ Kc7 59. Qe5+ Kc8 60. Qf4 Qh5+ 61. Kg2 Kb7 62. b4 Ka6 63. a4 Kb7 64. Qd6 Qf3+ 65. Kg1 Kb6 66. b5 Ka5 67. bxc6 Kb6 68. c7+ Kb7 69. Qd7 1-0

[Event "World Junior U20 Open 2018"]
[Site "Gebze"]
[Date "2018.09.12"]
[Round "8.62"]
[White "Tarlabasi, Emirhan"]
[Black "Dobrovoljc, Vid"]
[Result "0-1"]
[ECO "D45"]
[WhiteElo "2193"]
[BlackElo "2316"]
[Annotator "NA"]
[PlyCount "52"]
[EventDate "2018.09.05"]
[EventType "swiss"]
[EventCountry "TUR"]
[SourceTitle "playchess.com"]
[Source "ChessBase"]
[SourceQuality "1"]
[TimeControl "40/5400+30:1800+30"]

1. d4 Nf6 2. c4 e6 3. Nf3 d5 4. Nc3 c6 5. e3 Nbd7 6. Qc2 Bd6 7. b3 O-O 8. Be2 b6 9. O-O Bb7 10. Bb2 Qe7 11. e4 Nxe4 12. Nxe4 dxe4 13. Qxe4 f5 14. Qc2 c5 15. dxc5 Bxc5 16. Nd4 Nf6 17. Rad1 Rad8 18. Kh1 Be4 19. Qc1 e5 20. Nb5 Ng4 21. Rxd8 Rxd8 22. Qe1 Nxh2 23. f3 Nxf1 24. fxe4 Qg5 25. g4 Qh6+ 26. Kg2 Qh2+ 0-1

[Event "World Junior U20 Open 2018"]
[Site "Gebze"]
[Date "2018.09.12"]
[Round "8.63"]
[White "Ismayilov, Muhammad"]
[Black "Jogstad, Martin"]
[Result "1-0"]
[ECO "B47"]
[WhiteElo "2137"]
[BlackElo "2305"]
[Annotator "NA"]
[PlyCount "97"]
[EventDate "2018.09.05"]
[EventType "swiss"]
[EventCountry "TUR"]
[SourceTitle "playchess.com"]
[Source "ChessBase"]
[SourceQuality "1"]
[TimeControl "40/5400+30:1800+30"]

1. e4 c5 2. Nf3 e6 3. d4 cxd4 4. Nxd4 Nc6 5. Nc3 Qc7 6. Be3 a6 7. Be2 b5 8. a3 Bb7 9. O-O Rc8 10. f4 Bc5 11. Qd2 Nxd4 12. Bxd4 Bxd4+ 13. Qxd4 Qc5 14. Rad1 Qc7 15. Ra1 Qc5 16. Rad1 Ne7 17. Qxc5 Rxc5 18. Rf3 d5 19. Rfd3 O-O 20. Bf3 dxe4 21. Nxe4 Rd5 22. Nc3 Rxd3 23. Rxd3 Bxf3 24. Rxf3 Rc8 25. Rd3 Kf8 26. Kf1 Ke8 27. Ke2 Rc4 28. g3 Nf5 29. Kd2 h5 30. b3 Rc8 31. Ne4 Ke7 32. h3 f6 33. Rc3 Rxc3 34. Kxc3 Ne3 35. Kd3 Nd5 36. c4 bxc4+ 37. bxc4 Nc7 38. Kd4 f5 39. Ng5 a5 40. Kc5 e5 41. fxe5 Ne6+ 42. Nxe6 Kxe6 43. Kd4 h4 44. gxh4 f4 45. Ke4 f3 46. Kxf3 Kxe5 47. Ke3 g6 48. a4 Kf5 49. Kd4 1-0

[Event "World Junior U20 Open 2018"]
[Site "Gebze"]
[Date "2018.09.12"]
[Round "8.64"]
[White "Caglar, Ahmet Ata"]
[Black "Tifferet, Shaked"]
[Result "1/2-1/2"]
[ECO "E17"]
[WhiteElo "2071"]
[BlackElo "2299"]
[Annotator "NA"]
[PlyCount "70"]
[EventDate "2018.09.05"]
[EventType "swiss"]
[EventCountry "TUR"]
[SourceTitle "playchess.com"]
[Source "ChessBase"]
[SourceQuality "1"]
[TimeControl "40/5400+30:1800+30"]

1. Nf3 Nf6 2. c4 e6 3. g3 d5 4. Bg2 Be7 5. O-O O-O 6. b3 b6 7. Bb2 Bb7 8. cxd5 exd5 9. d4 Ne4 10. Nc3 Nxc3 11. Bxc3 Nd7 12. Qc2 a5 13. Rfd1 Bd6 14. Rac1 Qe7 15. e3 b5 16. Bb2 c6 17. Nh4 g6 18. e4 dxe4 19. Qxe4 Qxe4 20. Bxe4 Rac8 21. d5 c5 22. Bd3 b4 23. Ng2 Nb6 24. Ne3 f5 25. Bb5 Rc7 26. Rc2 Bc8 27. Re2 Bd7 28. Bxd7 Rxd7 29. Nc4 Nxc4 30. bxc4 a4 31. f4 Kf7 32. Re6 Be7 33. Ra6 a3 34. Be5 Rfd8 35. Kf2 Rb7 1/2-1/2

[Event "World Junior U20 Open 2018"]
[Site "Gebze"]
[Date "2018.09.12"]
[Round "8.65"]
[White "Zrikem, Nassim"]
[Black "Gulbeyaz, Emir"]
[Result "0-1"]
[ECO "B06"]
[WhiteElo "2066"]
[BlackElo "2285"]
[Annotator "NA"]
[PlyCount "92"]
[EventDate "2018.09.05"]
[EventType "swiss"]
[EventCountry "TUR"]
[SourceTitle "playchess.com"]
[Source "ChessBase"]
[SourceQuality "1"]
[TimeControl "40/5400+30:1800+30"]

1. e4 g6 2. d4 Bg7 3. Nc3 d6 4. Be3 a6 5. Qd2 b5 6. f3 Bb7 7. a4 c6 8. axb5 cxb5 9. Nh3 Nd7 10. Be2 Ngf6 11. O-O O-O 12. Bd3 Rc8 13. Ne2 Nb6 14. b3 Nfd7 15. Rfc1 e5 16. d5 Nc5 17. Rab1 Ra8 18. b4 Nca4 19. c4 bxc4 20. Bxc4 Nxc4 21. Rxc4 Bc8 22. Qc2 Nb6 23. Rc6 Rb8 24. Nf2 Re8 25. Rc1 Bd7 26. Rxd6 Bf8 27. Rxb6 Rxb6 28. Bxb6 Qxb6 29. Qc7 Qxc7 30. Rxc7 Rd8 31. Nd3 Bb5 32. Nec1 Bd6 33. Rc3 f5 34. Nc5 Rc8 35. N1d3 a5 36. bxa5 Bxd3 37. Rxd3 Rxc5 38. g4 fxg4 39. fxg4 Rxa5 40. Kg2 Ra4 41. Re3 Kg7 42. Kf3 Ra2 43. h3 Kf6 44. h4 Ra3 45. Rxa3 Bxa3 46. g5+ Ke7 0-1